 Dungeon Crawl Stone Soup version 0.29.1-15-g9cfb28693d (webtiles) character file.

Game seed: 10373210648629516221

2494 Unknown108 the Digger (level 9, -1/45 HPs)
             Began as a Gargoyle Earth Elementalist on Dec 8, 2023.
             Was a Follower of Vehumet.
             Slain by a gnoll
             ... wielding a +0 halberd
             ... led by a gnoll sergeant
              (13 damage)
             ... on level 7 of the Dungeon.
             The game lasted 00:37:17 (7679 turns).

Unknown108 the Digger (Gargoyle Earth Elementalist) Turns: 7679, Time: 00:37:18

Health: -1/45      AC: 12    Str: 14    XL:     9   Next: 52%
Magic:  28/33      EV: 12    Int: 24    God:    Vehumet [*.....]
Gold:   418        SH:  0    Dex: 10    Spells: 2/16 levels left

rFire   . . .      SeeInvis .   y - +2 short sword (venom)
rCold   . . .      Faith    .   (no shield)
rNeg    + + .      Spirit   .   L - +1 robe of the Skies Above {-Tele MP+9 Str+2 Int+4}
rPois   ∞          Reflect  .   C - +0 helmet
rElec   +          Harm     .   v - +0 cloak
rCorr   .          Rampage  .   w - +0 pair of gloves
Will    .....      NoTele   +   (no boots)
Stlth   +++.......              (no amulet)
HPRegen 0.15/turn               f - ring of positive energy
MPRegen 0.23/turn               O - ring of magical power

@: no status effects
A: sickness immunity, AC +6, negative energy resistance 1, electricity
resistance, torment resistance 1, petrification resistance
a: Renounce Religion


You were on level 7 of the Dungeon.
You worshipped Vehumet.
Vehumet was aware of your devotion.
You visited 2 branches of the dungeon, and saw 8 of its levels.

You collected 418 gold pieces.

Inventory:

Hand Weapons
 c - a +0 longbow
 d - a +0 dagger
 e - a +0 dagger
 o - the +7 mace "Digypp" {vorpal, rC+}
   (You found it on level 2 of the Dungeon)

   It inflicts extra damage upon your enemies.
   rC:        It protects you from cold.
 q - a +0 dagger
 y - a +2 short sword of venom (weapon)
 E - a +2 dagger of holy wrath
 N - a +3 spear
Missiles
 g - 22 stones
 h - 4 boomerangs
 m - 4 javelins
 t - 3 silver boomerangs
 z - 5 poisoned darts
 H - 4 curare-tipped darts
Armour
 a - a +0 robe
 n - a +0 kite shield
 v - a +0 cloak (worn)
 w - a +0 pair of gloves (worn)
 x - a +0 leather armour
 C - a +0 helmet (worn)
 G - a +2 robe of the Archmagi
 L - the +1 robe of the Skies Above (worn) {-Tele MP+9 Str+2 Int+4}
   (You found it on level 5 of the Dungeon)

   Str:       It affects your strength (+2).
   Int:       It affects your intelligence (+4).
   MP:        It affects your magic capacity (+9).
   -Tele:     It prevents most forms of teleportation.
Jewellery
 f - a ring of positive energy (left hand)
 K - a ring of see invisible
 O - a ring of magical power (right hand)
Wands
 l - a wand of flame (3)
 I - a wand of iceblast (9)
Scrolls
 i - 2 scrolls of noise {unknown}
 j - 2 scrolls of teleportation
 k - 2 scrolls of magic mapping
 s - a scroll of blinking
 B - 2 scrolls of fog
 F - a scroll of vulnerability {unknown}
 M - a scroll of brand weapon {unknown}
 P - 3 scrolls of fear {unknown}
Potions
 b - 3 potions of magic
 p - 2 potions of heal wounds
 r - a potion of lignification
 u - 2 potions of might
 A - 4 potions of flight
 D - 2 potions of curing {unknown}
 J - a potion of degeneration {unknown}


   Skills:
 + Level 3.3 Short Blades
 + Level 3.4 Dodging
 * Level 7.2 Stealth
 + Level 4.1 Spellcasting
 * Level 5.6 Conjurations
 + Level 3.2 Transmutations
 * Level 7.8 Earth Magic


You had 2 spell levels left.
You knew the following spells:

 Your Spells              Type           Power      Damage    Failure   Level
a - Sandblast             Erth           84%        2d18      1%          1
b - Passwall              Tmut/Erth      25%        N/A       1%          2
c - Stone Arrow           Conj/Erth      74%        3d11      1%          3
d - Magic Dart            Conj           100%       1d8       1%          1
e - Searing Ray           Conj           64%        2d6       1%          2
f - Petrify               Tmut/Erth      31%        N/A       10%         4
g - Shock                 Conj/Air       72%        1d7       3%          1

Your spell library contained the following spells:

 Spells                   Type           Power      Damage    Failure   Level
 Call Imp                 Summ           4%         N/A       14%         2
 Mephitic Cloud           Conj/Pois/Air  13%        N/A       14%         3
 Fulminant Prism          Conj/Hex       9%         3d7       30%         4


Dungeon Overview and Level Annotations

Branches:
Dungeon (7/15)             Temple (1/1) D:5

Altars:
Ashenzari
Cheibriados
Fedhas
Gozag
Hepliaklqana
Kikubaaqudgha
Makhleb
Nemelex Xobeh
Okawaru
Qazlal
Sif Muna
Uskayaw
Vehumet
Yredelemnul
Zin

Shops:
D:4 [


Innate Abilities, Weirdness & Mutations

You are immune to sickness and miasma.
Your stone body is resilient. (AC +6)
You are immune to poison.
You resist negative energy. (rN+)
You are resistant to electric shocks. (rElec)
You are resistant to unholy torment.
You are immune to petrification.


Message History

Aiming: Sandblast (safe; 1% risk of failure)
Press: ? - help, Q - select action, (/) - cycle Shift-Dir - straight line, f - gnoll
Aim: a gnoll, wielding a +0 whip (87% to hit)
The blast of sand hits the gnoll!!
You kill the gnoll!
Vehumet accepts your kill.
The gnoll sergeant hits you from afar with a +2 trident of freezing.
The gnoll sergeant freezes you. The gnoll barely misses you.
The gnoll hits you but does no damage.
Casting: Sandblast (safe; 1% risk of failure)
Confirm with . or Enter, or press ? or * to list all spells.
Aiming: Stone Arrow (safe; 1% risk of failure)
Press: ? - help, Shift-Dir - straight line, f - gnoll sergeant
Aim: a gnoll sergeant, wielding a +2 trident of freezing and wearing a +0 scale mail (81% to hit)
The stone arrow hits the gnoll sergeant!
The gnoll sergeant is severely wounded.
The gnoll sergeant hits you from afar with a +2 trident of freezing.
The gnoll sergeant freezes you.
The gnoll hits you from afar with a +0 spear.
The gnoll barely misses you.
Aiming: Sandblast (safe; 1% risk of failure)
Press: ? - help, Q - select action, (/) - cycle Shift-Dir - straight line, f/p - gnoll sergeant
Aim: a gnoll sergeant, wielding a +2 trident of freezing and wearing a +0 scale mail (severely wounded, 89% to hit)
The blast of sand hits the gnoll sergeant!!
You kill the gnoll sergeant!
Vehumet accepts your kill. The gnoll closely misses you.
The gnoll hits you from afar with a +0 halberd.
The gnoll barely misses you.
Aiming: Sandblast (safe; 1% risk of failure)
Press: ? - help, Q - select action, (/) - cycle Shift-Dir - straight line, f - gnoll
Aim: a gnoll, wielding a +0 spear (87% to hit)
The blast of sand hits the gnoll!
The gnoll is severely wounded.
The gnoll hits you from afar with a +0 halberd!
* * * LOW HITPOINT WARNING * * *
The gnoll hits you but does no damage. The gnoll closely misses you.
The gnoll closely misses you.
The gnoll hits you from afar with a +0 halberd!
You die...

# ###.#
.....g####
..5..).@.#
.####g.).......
####.###### .#
.# .# .# .#


You could see 2 gnolls and a white imp.

Vanquished Creatures
  A steam dragon (D:6)
  A water moccasin (D:6)
  3 ice beasts (D:5)
  2 orc warriors (D:6)
  A black bear (D:5)
  2 ogres
  A phantom (D:6)
  A kobold brigand (D:6)
  3 scorpions
  A gnoll sergeant (D:7)
  5 wights (D:6)
  3 hounds
  2 gnoll boudas
  3 orc priests
  4 iguanas
  Terence (D:3)
  6 orc wizards
  Natasha (thrice) (D:2)
  3 adders
  10 gnolls
  A shadow imp (D:6)
  2 ufetubi
  A worm (D:5)
  2 dart slugs
  22 orcs
  7 ball pythons
  4 bats
  9 endoplasms
  14 giant cockroaches
  9 goblins
  5 hobgoblins
  10 jackals
  7 kobolds
  2 quokkas
  3 frilled lizards
  4 rats
  A spectral orc (D:3)
159 creatures vanquished.

Vanquished Creatures (others)
  An orc (D:3)
  A fungus (D:2)
  12 plants
14 creatures vanquished.

Grand Total: 173 creatures vanquished

Notes
Turn   | Place    | Note
-------+----------+-------------------------------------------
     0 | D:1      | Unknown108 the Gargoyle Earth Elementalist began the quest
                  | for the Orb.
     0 | D:1      | Reached XP level 1. HP: 10/10 MP: 3/3
   289 | D:1      | Reached XP level 2. HP: 15/15 MP: 0/5
   390 | D:1      | Learned a level 2 spell: Passwall
   439 | D:1      | Reached skill level 1 in Transmutations
   613 | D:1      | Reached XP level 3. HP: 19/19 MP: 4/6
  1272 | D:2      | Learned a level 3 spell: Stone Arrow
  1295 | D:2      | Identified the +7 mace "Digypp" {vorpal, rC+}
  1376 | D:2      | Noticed Natasha
  1385 | D:2      | Killed Natasha
  1386 | D:2      | Reached XP level 4. HP: 23/24 MP: 3/7
  1466 | D:2      | Learned a level 1 spell: Magic Dart
  1619 | D:2      | Noticed Natasha
  1646 | D:2      | Killed Natasha
  1647 | D:2      | Reached skill level 1 in Conjurations
  1647 | D:2      | Reached XP level 5. HP: 22/28 MP: 5/8
  1731 | D:2      | Noticed Natasha
  1736 | D:2      | Killed Natasha
  1859 | D:2      | Found a faded altar of an unknown god.
  1970 | D:2      | Reached skill level 1 in Short Blades
  2582 | D:3      | Found a basalt altar of Yredelemnul.
  2681 | D:3      | Noticed Terence
  2695 | D:3      | Killed Terence
  2833 | D:3      | Reached XP level 6. HP: 32/32 MP: 6/9
  2992 | D:3      | Found a sparkling altar of Nemelex Xobeh.
  3242 | D:3      | Reached skill level 5 in Earth Magic
  3641 | D:4      | Found an opulent altar of Gozag.
  3828 | D:4      | Found Zotwoih's Antique Armour Shoppe.
  3845 | D:4      | Learned a level 2 spell: Searing Ray
  4102 | D:5      | Entered Level 5 of the Dungeon
  4109 | D:5      | Noticed an ice beast
  4123 | D:5      | Reached XP level 7. HP: 36/36 MP: 6/11
  4291 | D:5      | Reached skill level 5 in Stealth
  4788 | D:5      | Reached XP level 8. HP: 41/41 MP: 9/12
  5074 | D:5      | Found a staircase to the Ecumenical Temple.
  5082 | Temple   | Entered the Ecumenical Temple
  5116 | Temple   | Became a worshipper of Vehumet
  5311 | D:5      | Identified the +1 robe of the Skies Above {-Tele MP+9 Str+2
                  | Int+4}
  5731 | D:6      | Learned a level 4 spell: Petrify
  6116 | D:6      | Reached XP level 9. HP: 26/45 MP: 9/14
  6305 | D:6      | Found Ruenuusi's Armour Shoppe.
  6316 | D:6      | Reached skill level 5 in Conjurations
  6379 | D:6      | Reached * piety under Vehumet
  6379 | D:6      | Offered knowledge of Shock by Vehumet.
  6391 | D:6      | Learned a level 1 spell: Shock
  6506 | D:6      | HP: 1/45 [steam dragon (5)]
  7679 | D:7      | Slain by a gnoll

Illustrated notes

Levels and vault maps discovered:
D:1:      saegor_arrival_simple_a, layout_loops_ring
D:2:      layout_basic, shapermc_ecumenical_altar_acropolis,
          kennysheep_pointless_box, minmay_misc_feat_iff,
          nicolae_concentric_dashed_squares_mild, uniq_natasha
D:3:      minmay_roachtagon, layout_rooms, yredelemnul_forgotten_temple_becter,
          nemelex_dance_club_becter, corexii_hall_statues_t, uniq_terence
D:4:      layout_rooms, nicolae_gozag_cash_rules_everything_around_me,
          serial_shops, nicolae_shop_statue_plus
D:5:      layout_basic, minmay_temple_entry_enclosed_plants, serial_bayou,
          serial_bayou_pond_d, serial_bayou_pond_a, serial_bayou_pond_c,
          serial_bayou_ford_a, gup_sewer_entry_bowl
D:6:      layout_loops_ring, serial_shops, shop, minmay_misc_feat_x
D:7:      layout_loops_ring, nicolae_overflow_hidden_temple,
          trog_butcher_becter, uniq_duvessa
Temple:   nicolae_temple_godzebo

Skill      XL: |  1  2  3  4  5  6  7  8  9 |
---------------+----------------------------+-----
Earth Magic    | 4 5 6 7 |  7.8
Transmutations | 1 2 3 |  3.2
Stealth        | 3 4 5 6 7 |  7.2
Conjurations   | 1 2 3 4 5 |  5.6
Dodging        | 2 3 |  3.4
Short Blades   | 1 2 3 |  3.3
Spellcasting   | 3 4 |  4.1

Action                   |  1- 3 |  4- 6 |  7- 9 || total
-------------------------+-------+-------+-------++-------
Melee: Unarmed           |    10 |       |       ||    10
       Club              |     9 |       |       ||     9
       Dagger            |    31 |    29 |       ||    60
       Punch             |     1 |       |       ||     1
       Short sword       |       |    59 |    28 ||    87
 Cast: Sandblast         |    32 |    69 |   110 ||   211
       Magic Dart        |       |     2 |     2 ||     4
       Searing Ray       |       |     1 |     1 ||     2
       Stone Arrow       |       |       |    17 ||    17
       Petrify           |       |       |     1 ||     1
  Use: Scroll            |       |     6 |     1 ||     7
       Potion            |       |     2 |       ||     2
 Stab: Sleeping          |     2 |     9 |     2 ||    13
Armor: Robe              |    16 |    43 |    56 ||   115
Dodge: Dodged            |    40 |    91 |    68 ||   199
